 Dungeon Crawl Stone Soup version 0.28-a0-1152-g9c71ebef14 (webtiles) character file.

Game seed: 5199460829180801926

201 spaghetti the Fighter (level 5, -3/65 HPs)
             Began as an Ogre Delver on Dec 14, 2021.
             Slain by an iguana (9 damage)
             ... on level 5 of the Dungeon.
             The game lasted 00:02:40 (1763 turns).

spaghetti the Fighter (Ogre Delver)                 Turns: 1763, Time: 00:02:41

Health: -3/65      AC:  3    Str: 18    XL:     5   Next: 79%
Magic:  5/5        EV:  9    Int: 11    God:
Gold:   52         SH:  0    Dex: 10    Spells: 4/4 levels left

rFire   . . .      SeeInvis .   a - +0 mace {mace}
rCold   . . .      Faith    .   (no shield)
rNeg    . . .      Spirit   .   b - +0 robe
rPois   .          Reflect  .   (helmet restricted)
rElec   .          Harm     .   (no cloak)
rCorr   .          Rampage  .   (gloves unavailable)
Will    .....                   (boots unavailable)
Stlth   ++........              (no amulet)
HPRegen 0.20/turn               (no ring)
MPRegen 0.09/turn               (no ring)

@: no status effects
A: large, unfitting armour, tough skin 1
a: no special abilities


You were on level 5 of the Dungeon.
You visited 1 branch of the dungeon, and saw 2 of its levels.

You collected 52 gold pieces.


Innate Abilities, Weirdness & Mutations

You are too large for most types of armour.
You have tough skin. (AC +1)


   Skills:
 + Level 8.3 Fighting
 - Level 1.7 Maces & Flails
 - Level 1.7 Dodging
 - Level 3.7 Stealth


You had 4 spell levels left.
You didn't know any spells.
Your spell library was empty.

Inventory:

Hand Weapons
 a - a +0 mace (weapon) {mace}
Armour
 b - a +0 robe (worn)
Wands
 g - a wand of digging (1)
Scrolls
 c - a scroll of fog
 d - a scroll of magic mapping {!r}

Dungeon Overview and Level Annotations

Branches:
Dungeon (6/15)
 Temple: D:4-7

Altars:

######## #......# #..
#......# #.. #....@.#
#.. #....l.# #..
#......# #.. #......#
#.. #......# #..
#......#############..
#...................##
#...................#.
#...................#.


You could see an iguana.


Message History

The iguana hisses angrily.
The iguana moves out of view. 😎 HP[+4]
Your hp is fully restored (65).
You barely miss the iguana.
The iguana bites you but does no damage.
You barely miss the iguana. The iguana barely misses you.
The iguana bites you! 😕 HP[-14]
You take 14 damage, and now have 51/65 hp.
MASSIVE DAMAGE!! (PAUSE)
You hit the iguana but do no damage. The iguana bites you! 😮 HP[-7]
You take 7 damage, and now have 44/65 hp.
You hit the iguana. The iguana bites you! 😮 HP[-8]
You take 8 damage, and now have 36/65 hp.
You hit the iguana. The iguana bites you.
* * * LOW HITPOINT WARNING * * *
The iguana barely misses you. 😨 HP[-5]
You take 5 damage, and now have 31/65 hp.
Unknown command.
Unknown command. 😨 HP[+1]
Okay, then.
You aren't carrying any potions.
Unknown command.
Okay, then. 😮 HP[+1] 😮 HP[+1] 😮 HP[+1]
You see here a +0 spear {polearm}. 😮 HP[+1] 😮 HP[+1]
The iguana hisses menacingly. 😮 HP[+1]
Okay, then.
Okay, then.
You barely miss the iguana. The iguana bites you.
* * * LOW HITPOINT WARNING * * *
😨 HP[-6]
You take 6 damage, and now have 32/65 hp.
Unknown command.
Okay, then.
You aren't carrying any potions.
Unknown command.
You barely miss the iguana. The iguana closely misses you.
The iguana bites you.
* * * LOW HITPOINT WARNING * * *
😨 HP[-3]
You take 3 damage, and now have 29/65 hp.
Unknown command.
Unknown command.
Okay, then. 😨 HP[+1]
Aiming: Dig
Press: ? - help, Shift-Dir - straight line A rock wall.
The rock shatters into small pieces.
The iguana closely misses you.
Aiming: Dig
Press: ? - help, Shift-Dir - straight line A rock wall.
The rock shatters into small pieces. 😨 HP[+1] 😨 HP[+1]
There is an open door here. 😮 HP[+1] 😮 HP[+1]
The iguana bites you!
* * * LOW HITPOINT WARNING * * *
😨 HP[-6]
You take 6 damage, and now have 28/65 hp. 😨 HP[+1]
There is a stone staircase leading down here.
You aren't carrying any potions.
Okay, then.
You hit the iguana but do no damage. The iguana closely misses you.
You hit the iguana but do no damage. The iguana bites you.
* * * LOW HITPOINT WARNING * * *
😨 HP[-6]
You take 6 damage, and now have 23/65 hp.
Unknown command.
Unknown command.
You hit the iguana. The iguana bites you!
* * * LOW HITPOINT WARNING * * *
😨 HP[-6]
You take 6 damage, and now have 17/65 hp.
Unknown command.
Unknown command.
You aren't carrying any potions.
Okay, then.
You closely miss the iguana. The iguana bites you!
* * * LOW HITPOINT WARNING * * *
The iguana barely misses you. 😱 HP[-11]
You take 11 damage, and now have 6/65 hp.
Unknown command.
Unknown command.
The iguana bites you!
You die...

Skill      XL: |  1  2  3  4  5 |
---------------+----------------+-----
Fighting       | 6 7 8 |  8.3
Maces & Flails | |  1.7
Dodging        | |  1.7
Stealth        | |  3.7

Action                   |  1- 3 |  4- 6 || total
-------------------------+-------+-------++-------
Melee: Mace              |    23 |    39 ||    62
Evoke: Wand              |    10 |    10 ||    20
  Use: Scroll            |       |     1 ||     1
       Potion            |       |     1 ||     1
Armor: Robe              |     7 |     2 ||     9
Dodge: Dodged            |    26 |    18 ||    44

Levels and vault maps discovered:
D:5:      layout_gridville, mainiacjoe_overflow_divided_tiny,
          gup_sewer_entry_bowl
D:6:      layout_loops_ring, minmay_temple_entry_poolview, serial_shops,
          nicolae_shop_hallway_stairs, st_stairs_1, minmay_quadrilaterals,
          uniq_prince_ribbit1

Notes
Turn   | Place    | Note
-------+----------+-------------------------------------------
     0 | D:5      | spaghetti the Ogre Delver began the quest for the Orb.
     0 | D:5      | Reached XP level 1. HP: 24/24 MP: 1/1
     0 | D:5      | magus.rc [v1.9.6]
     5 | D:6      | Noticed a jelly
   223 | D:5      | Reached XP level 2. HP: 33/33 MP: 2/2
   385 | D:5      | Reached skill level 5 in Fighting
   528 | D:5      | Reached skill level 6 in Fighting
   528 | D:5      | Reached XP level 3. HP: 15/44 MP: 3/3
   858 | D:5      | Reached XP level 4. HP: 32/53 MP: 4/4
  1016 | D:5      | Reached skill level 7 in Fighting
  1016 | D:5      | Reached XP level 5. HP: 48/62 MP: 5/5
  1171 | D:5      | HP: 14/63 [gnoll (5)]
  1173 | D:5      | HP: 6/63 [gnoll (1)]
  1496 | D:5      | Reached skill level 8 in Fighting
  1762 | D:5      | HP: 6/65 [iguana (11)]
  1763 | D:5      | Slain by an iguana

Vanquished Creatures
  A howler monkey (D:5)
  A bullfrog zombie (D:5)
  A gnoll shaman (D:5)
  A hound (D:5)
  An iguana (D:5)
  3 gnolls (D:5)
  2 ufetubi (D:5)
  An orc (D:5)
  A quokka (D:5)
12 creatures vanquished.

Table legend:
 A = Non-vault XP
 B = Vault XP
 C = Vault XP percentage of total XP
 D = Non-vault monster count
 E = Vault monster count
 F = Vault count percentage of total count
                 A         B        C        D         E       F
            +---------+---------+-------+---------+---------+-------
      Total |     288 |       0 |   0.0 |      12 |       0 |   0.0
            +---------+---------+-------+---------+---------+-------
        D:5 |     288 |       0 |   0.0 |      12 |       0 |   0.0
            +---------+---------+-------+---------+---------+-------

Illustrated notes

Table legend:
 A = Kills in this place as a percentage of kills in entire the game.
 B = Kills by you in this place as a percentage of kills by you in the entire game.
 C = Kills by friends in this place as a percentage of kills by friends in the entire game.
 D = Other kills in this place as a percentage of other kills in the entire game.
 E = Experience gained in this place as a percentage of experience gained in the entire game.
 F = Experience gained in this place divided by the number of levels of this place that you have seen.
                   A       B       C       D       E      F
               +-------+-------+-------+-------+-------+----------------------
         Total | 100.0 | 100.0 |   N/A |   N/A | 100.0 | 144.0
       Dungeon | 100.0 | 100.0 |   N/A |   N/A | 100.0 | 144.0
               +-------+-------+-------+-------+-------+----------------------

Table legend: (Time is in decaauts)
 A = Elapsed time spent in this place.
 B = Non-inter-level travel time spent in this place.
 C = Inter-level travel time spent in this place.
 D = Time resting spent in this place.
 E = Time spent auto-exploring this place.
 F = Levels seen in this place.
 G = Mean time per level.
                   A        B        C        D        E       F      G
               +--------+--------+--------+--------+--------+-----+--------+
         Total |   1768 |   1766 |      2 |   1175 |    371 |   2 |  884.0 |
       Dungeon |   1768 |   1766 |      2 |   1175 |    371 |   2 |  884.0 |
               +--------+--------+--------+--------+--------+-----+--------+

Top non-repeatable levels by time:
     D:5: 1762 daAuts
     D:6: 5 daAuts
